 Dungeon Crawl Stone Soup version 0.31-a0-175-g9f7f995f2b (webtiles) character file.

Game seed: 14337866505810692657

268 qw the Shooter (level 6, 0/56 HPs)
             Began as a Naga Hunter on June 16, 2023.
             Slain by a bat (1 damage)
             ... summoned by Eustachio
             ... on level 4 of the Dungeon.
             The game lasted 00:00:51 (1909 turns).

qw the Shooter (Naga Hunter)                        Turns: 1909, Time: 00:00:51

Health: 0/56       AC:  6    Str: 13      XL:     6   Next: 21%
Magic:  6/6        EV:  9    Int:  9      God:
Gold:   221        SH:  0    Dex: 13 (17) Spells: 5/5 levels left

rFire   . . .        Y - +1 shortbow
rCold   . . .        (shield currently unavailable)
rNeg    . . .        c - +0 leather armour
rPois   +            j - +0 helmet
rElec   .            a - +1 cloak {rPois}
rCorr   .            (no gloves)
SInv    +            (no barding)
Will    .....        (no amulet)
Stlth   ++           (no ring)
HPRegen 0.29/turn    (no ring)
MPRegen 0.10/turn

%: no passive effects
@: very slow
A: AC +2, large, see invisible, deformed body, poison resistance, slowness 2,
spit poison 1, naga tail 1
a: Spit Poison


You were on level 4 of the Dungeon.
You visited 1 branch of the dungeon, and saw 4 of its levels.

You collected 221 gold pieces.


Innate Abilities, Weirdness & Mutations

Your serpentine skin is tough. (AC +2)
You have supernaturally acute eyesight. (SInv)
Armour fits poorly on your strangely shaped body.
Your system is resistant to poisons. (rPois)
You cover ground very slowly.
You can spit poison.
You have a snake-like lower body.


   Skills:
 + Level 3.0 Fighting
 - Level 6.3 Ranged Weapons
 - Level 1.5 Dodging
 - Level 1.5 Stealth


You had 5 spell levels left.
You didn't know any spells.
Your spell library was empty.

Inventory:

Hand Weapons
 Y - a +1 shortbow (weapon)
Armour
 a - a +1 cloak of poison resistance (worn)
 c - a +0 leather armour (worn)
 j - a +0 helmet (worn)
Scrolls
 h - a scroll of fog {unknown}
 i - 2 scrolls of identify
Potions
 b - a potion of magic {unknown}
 d - a potion of cancellation
 e - a potion of lignification {unknown}
 f - a potion of curing
 g - a potion of might
 l - 2 potions of heal wounds {unknown}

Dungeon Overview and Level Annotations

Branches:
Dungeon (4/15)
 Temple: D:4-7

Altars:
Ashenzari

Shops:
D:2 (

Annotations:
D:3 2 transporters, qw's ghost, amateur NaHu
D:4 Eustachio


Message History

The bat hits you. x2; The bat barely misses you.
The quasit closely misses you. x2
The quasit barely misses you. The shadow imp barely misses you.
The shadow imp hits you. The quokka bites you.
1906 ||| INVOKING Spit Poison.
Aiming: Spit Poison (1% risk of failure)
Press: ? - help, Shift-Dir - straight line, f - Eustachio, p - quasit The splash of poison misses Eustachio.
The bat hits you but does no damage. x2; The quasit closely misses you.
The quasit misses you.
The quasit claws you but does no damage.
The shadow imp barely misses you. The shadow imp closely misses you.
Eustachio hits you with a +0 falchion.
The quasit bites you but does no damage.
The quasit closely misses you. x2
You shoot an arrow. The arrow closely misses Eustachio.
The bat hits you but does no damage.
The quokka bites you but does no damage.
The shadow imp shouts, "Away with thee, thou fobbing fool-born clam!"
The shadow imp barely misses you. The shadow imp hits you.
A kobold comes into view. It is wielding a +1 dagger of flaming.
Eustachio barely misses you. The bat barely misses you. x2
The quasit bites you but does no damage.
The quasit claws you but does no damage.
The quasit closely misses you.
You shoot an arrow. The arrow hits Eustachio.
Eustachio is almost dead.
The bat hits you but does no damage. The bat completely misses you.
The quokka bites you. The quasit bites you. The quasit barely misses you.
The quasit claws you but does no damage.
The shadow imp barely misses you.
The shadow imp hits you but does no damage.
Eustachio closely misses you. The quokka barely misses you.
The bat hits you but does no damage. The quasit closely misses you.
The quasit claws you but does no damage.
The quasit closely misses you. Eustachio hits you with a +0 falchion.
The shadow imp barely misses you. The shadow imp closely misses you.
You shoot an arrow. The arrow barely misses Eustachio.
You have got your breath back.
The bat hits you.
You die...

##.###....#.#..#
#....#.##.#.#..# ######
..##.#.##...#..# .....
#.##....#...#..##....
....%##.........<..#
##.#.##.#.#....b...##
##.#.......(........###.
...##.###.#....@r5...K..
.####.....#....r@b..####
........########55.##
.##.###.###### ......#
.##............##.......
.......######## #######
###.#.## #.....# ##...##
#####


You could see Eustachio, a quasit (summoned), 2 shadow imps, 2 quokkas, 2 bats
and a kobold.

Vanquished Creatures
  A scorpion (D:4)
  A hound (D:4)
  An orc priest (D:3)
  An orc wizard (D:4)
  4 adders
  A gnoll (D:1)
  3 worms
  A dart slug (D:1)
  4 orcs
  5 ball pythons
  3 bats
  2 endoplasms
  5 giant cockroaches
  7 goblins
  3 hobgoblins
  4 kobolds
  A quokka (D:1)
  3 rats
50 creatures vanquished.

Vanquished Creatures (others)
  An orc wizard (D:4)
1 creature vanquished.

Grand Total: 51 creatures vanquished

Notes
Turn   | Place    | Note
-------+----------+-------------------------------------------
     0 | D:1      | qw the Naga Hunter began the quest for the Orb.
     0 | D:1      | Reached XP level 1. HP: 19/19 MP: 1/1
     0 | D:1      | 0 ||| qw: Version: 0.2-a-29-g511e9b1
     0 | D:1      | 0 ||| qw: Game counter: 5681
     0 | D:1      | 0 ||| qw: Always use a shield: true
     0 | D:1      | 0 ||| qw: God list: Okawaru
     0 | D:1      | 0 ||| qw: Allow faded altars: false
     0 | D:1      | 0 ||| qw: Do Orc after D:15 true
     0 | D:1      | 0 ||| qw: Do second Lair branch before Depths: true
     0 | D:1      | 0 ||| qw: Lair rune preference: random
     0 | D:1      | 0 ||| qw: Plans: Normal
     0 | D:1      | 0 ||| PLANNING D:1-11
    30 | D:1      | 30 ||| INVOKING Spit Poison.
   125 | D:1      | 125 ||| INVOKING Spit Poison.
   158 | D:1      | 158 ||| INVOKING Spit Poison.
   159 | D:1      | Reached skill level 4 in Ranged Weapons
   159 | D:1      | Reached XP level 2. HP: 26/26 MP: 2/2
   182 | D:1      | 182 ||| INVOKING Spit Poison.
   185 | D:1      | 185 ||| INVOKING Spit Poison.
   189 | D:1      | 189 ||| INVOKING Spit Poison.
   275 | D:1      | 275 ||| INVOKING Spit Poison.
   328 | D:1      | Found a faded altar of an unknown god.
   362 | D:1      | 362 ||| INVOKING Spit Poison.
   364 | D:1      | Reached XP level 3. HP: 32/32 MP: 3/3
   555 | D:1      | 555 ||| DROPPING scarf of shadows.
   556 | D:1      | 556 ||| UPGRADING to +0 helmet.
   561 | D:1      | 561 ||| READING scroll labelled HUSATHROPEH.
   562 | D:1      | 562 ||| READING 2 scrolls labelled LESU XIOWU.
   563 | D:1      | 563 ||| READING scroll labelled MILI FIGOMP.
   564 | D:1      | 564 ||| READING scroll labelled SEIB JAOXAGUA.
   564 | D:1      | Identified a scroll of acquirement
   564 | D:1      | 564 ||| ACQUIRING +1 cloak of poison resistance
   564 | D:1      | Acquired a +1 cloak of poison resistance
   566 | D:1      | 566 ||| UPGRADING to +1 cloak of poison resistance.
   571 | D:1      | 571 ||| DRINKING 2 glowing sapphire potions.
   572 | D:1      | 572 ||| DROPPING scroll of butterflies.
   638 | D:2      | 638 ||| INVOKING Spit Poison.
   641 | D:2      | 641 ||| INVOKING Spit Poison.
   644 | D:2      | Found Xoadint's Antique Weapon Shop.
   658 | D:2      | 658 ||| SHOPLISTING orcbow (94 gold, have 39).
   718 | D:2      | Identified the +5 spear "Wucuko" {vamp, *Slow Int+5}
   757 | D:2      | 757 ||| INVOKING Spit Poison.
   758 | D:2      | 758 ||| INVOKING Spit Poison.
   773 | D:2      | 773 ||| INVOKING Spit Poison.
   822 | D:2      | 822 ||| INVOKING Spit Poison.
   861 | D:2      | 861 ||| INVOKING Spit Poison.
   864 | D:2      | 864 ||| INVOKING Spit Poison.
   867 | D:2      | 867 ||| INVOKING Spit Poison.
   891 | D:2      | 891 ||| INVOKING Spit Poison.
   895 | D:2      | 895 ||| INVOKING Spit Poison.
   902 | D:2      | 902 ||| INVOKING Spit Poison.
   903 | D:2      | Reached skill level 5 in Ranged Weapons
   903 | D:2      | Reached XP level 4. HP: 37/39 MP: 4/4
   980 | D:2      | 980 ||| INVOKING Spit Poison.
   995 | D:2      | Found a broken altar of Ashenzari.
  1081 | D:2      | 1081 ||| DROPPING scarf of invisibility.
  1082 | D:2      | 1082 ||| READING scroll labelled QAURIE TUHAL.
  1083 | D:2      | 1083 ||| READING scroll labelled TUXKES OTUEGE.
  1086 | D:2      | 1086 ||| READING scroll labelled ASILO OSKOI.
  1087 | D:2      | 1087 ||| READING scroll labelled OKHLIT RECLEICK.
  1088 | D:2      | 1088 ||| READING 2 scrolls of identify.
  1088 | D:2      | 1088 ||| IDENTIFYING bubbling blue potion
  1103 | D:3      | 1103 ||| INVOKING Spit Poison.
  1108 | D:3      | 1108 ||| INVOKING Spit Poison.
  1115 | D:3      | 1115 ||| INVOKING Spit Poison.
  1172 | D:3      | 1172 ||| INVOKING Spit Poison.
  1233 | D:3      | 1233 ||| INVOKING Spit Poison.
  1240 | D:3      | 1240 ||| INVOKING Spit Poison.
  1241 | D:3      | Reached skill level 3 in Fighting
  1356 | D:3      | 1356 ||| INVOKING Spit Poison.
  1375 | D:3      | Reached XP level 5. HP: 49/49 MP: 5/5
  1445 | D:3      | 1445 ||| INVOKING Spit Poison.
  1465 | D:3      | 1465 ||| INVOKING Spit Poison.
  1492 | D:3      | Found a transporter.
  1492 | D:3      | Noticed qw's ghost (amateur NaHu)
  1496 | D:3      | Found a transporter.
  1649 | D:3      | 1649 ||| READING scroll labelled NUIPUA MY SUWK.
  1650 | D:3      | 1650 ||| READING 2 scrolls of identify.
  1650 | D:3      | 1650 ||| IDENTIFYING metallic blue potion
  1659 | D:4      | 1659 ||| INVOKING Spit Poison.
  1665 | D:4      | 1665 ||| INVOKING Spit Poison.
  1745 | D:4      | 1745 ||| INVOKING Spit Poison.
  1762 | D:4      | 1762 ||| INVOKING Spit Poison.
  1763 | D:4      | 1763 ||| Stepping ~*~*~tactically~*~*~ (outnumbered).
  1768 | D:4      | 1768 ||| INVOKING Spit Poison.
  1774 | D:4      | 1774 ||| INVOKING Spit Poison.
  1781 | D:4      | 1781 ||| INVOKING Spit Poison.
  1786 | D:4      | 1786 ||| INVOKING Spit Poison.
  1800 | D:4      | 1800 ||| INVOKING Spit Poison.
  1805 | D:4      | 1805 ||| INVOKING Spit Poison.
  1808 | D:4      | 1808 ||| INVOKING Spit Poison.
  1817 | D:4      | 1817 ||| INVOKING Spit Poison.
  1822 | D:4      | 1822 ||| INVOKING Spit Poison.
  1824 | D:4      | Reached skill level 6 in Ranged Weapons
  1824 | D:4      | Reached XP level 6. HP: 50/56 MP: 6/6
  1881 | D:4      | Noticed Eustachio
  1884 | D:4      | 1884 ||| INVOKING Spit Poison.
  1888 | D:4      | 1888 ||| INVOKING Spit Poison.
  1895 | D:4      | 1895 ||| INVOKING Spit Poison.
  1902 | D:4      | 1902 ||| INVOKING Spit Poison.
  1905 | D:4      | HP: 14/56 [bat[Eustachio] (1)]
  1906 | D:4      | 1906 ||| INVOKING Spit Poison.
  1907 | D:4      | HP: 6/56 [shadow imp[Eustachio] (3)]
  1908 | D:4      | HP: 1/56 [Eustachio/+0 falchion (2)]
  1909 | D:4      | Slain by a bat

Levels and vault maps discovered:
D:1:      minmay_arrival_wavy_path, layout_rooms, ebering_ecumenical_altar_rust,
          kennysheep_nondescript, hex_intersection, serial_bayou_crossing
D:2:      layout_rooms, serial_shops, nicolae_shop_crystal, serial_curves,
          eino_curves_03, eino_curves_04, basic_altar,
          chequers_serial_rivers_marsh
D:3:      layout_basic, gammafunk_ghost_arena, st_stairs_8
D:4:      layout_loops_ring, nicolae_letterblocks [nicolae_letter_subblock,
          nicolae_letter_subblock, nicolae_letter_subblock,
          nicolae_letter_subblock, nicolae_letter_subblock,
          nicolae_letter_subblock, nicolae_letter_subblock,
          nicolae_letter_subblock, nicolae_letter_subblock,
          nicolae_letter_subblock, nicolae_letter_subblock,
          nicolae_letter_subblock, nicolae_letter_subblock,
          nicolae_letter_subblock, nicolae_letter_subblock,
          nicolae_letter_subblock, nicolae_letter_subblock,
          nicolae_letter_subblock, nicolae_letter_subblock,
          nicolae_letter_subblock, nicolae_letter_subblock,
          nicolae_letter_subblock, nicolae_letter_subblock,
          nicolae_letter_subblock, nicolae_letter_subblock], uniq_blork_the_orc,
          uniq_eustachio

Skill      XL: |  1  2  3  4  5 |
---------------+----------------+-----
Ranged Weapons | 4 5 6 |  6.3
Fighting       | 3 |  3.0
Dodging        | |  1.5
Stealth        | |  1.5

Action                     |  1- 3 |  4- 6 || total
---------------------------+-------+-------++-------
   Fire: Shortbow          |    43 |    79 ||   122
Ability: Spit Poison       |    19 |    28 ||    47
    Use: Scroll            |     4 |     7 ||    11
         Potion            |     1 |       ||     1
 Armour: Leather armour    |     7 |    71 ||    78
  Dodge: Dodged            |     7 |    64 ||    71

Table legend:
 A = Non-vault XP
 B = Vault XP
 C = Vault XP percentage of total XP
 D = Non-vault monster count
 E = Vault monster count
 F = Vault count percentage of total count
                 A         B        C        D         E       F
            +---------+---------+-------+---------+---------+-------
      Total |     380 |       4 |   1.0 |      49 |       2 |   3.9
            +---------+---------+-------+---------+---------+-------
        D:1 |      37 |       0 |   0.0 |      12 |       0 |   0.0
        D:2 |      53 |       0 |   0.0 |      13 |       0 |   0.0
        D:3 |      87 |       4 |   4.4 |      12 |       2 |  14.3
        D:4 |     203 |       0 |   0.0 |      12 |       0 |   0.0
            +---------+---------+-------+---------+---------+-------
